 Dungeon Crawl Stone Soup version 0.20.1-1-g8b1a95d (webtiles) character file.

4464 Megalobster the Destroyer (level 10, -9/56 HPs)
             Began as a Deep Elf Conjurer on July 16, 2017.
             Was a Believer of Vehumet.
             Killed from afar by a hell hound (11 damage)
             ... with a blast of flame
             ... on level 8 of the Dungeon.
             The game lasted 00:36:25 (9505 turns).

Megalobster the Destroyer (Deep Elf Conjurer)       Turns: 9505, Time: 00:36:26

Health: -9/56      AC:  3    Str:  7    XL:     10   Next: 15%
Magic:  3/24       EV: 17    Int: 24    God:    Vehumet [**....]
Gold:   381        SH:  0    Dex: 15    Spells: 5/26 levels left

rFire    . . .     SeeInvis .   N - +2 long sword of Midsummer {slice, *Corrode rC+ Str+2}
rCold    + . .     Gourm    .   (no shield)
rNeg     + . .     Faith    .   a - +0 robe
rPois    .         Spirit   .   f - +0 helmet
rElec    .         Reflect  .   (no cloak)
rCorr    .         Harm     .   (no gloves)
MR       +....                  (no boots)
Stlth    ++........             (no amulet)
Regen    0.2/turn               x - ring of positive energy
MPRegen  0.2/turn               (no ring)

@: very slightly contaminated
A: no striking features
a: Renounce Religion


You were on level 8 of the Dungeon.
You worshipped Vehumet.
Vehumet was pleased with you.
You were hungry.

You visited 2 branches of the dungeon, and saw 9 of its levels.

You collected 381 gold pieces.

Inventory:

Hand Weapons
 g - a +0 dagger
 t - a +0 hunting sling
 F - a +0 rapier
 N - the +2 long sword of Midsummer (weapon) {slice, *Corrode rC+ Str+2}
   (You found it on level 7 of the Dungeon)

   It inflicts extra damage upon your enemies.
   It affects your strength (+2).
   It protects you from cold.
   It may corrode you when you take damage.
Missiles
 e - 95 sling bullets
 h - 175 stones (quivered)
 i - 24 poisoned needles
Armour
 a - a +0 robe (worn)
 f - a +0 helmet (worn)
 L - a +0 leather armour of fire resistance
Jewellery
 x - a ring of positive energy (left hand)
Wands
 p - a wand of confusion (10/48)
 I - a wand of lightning (7/15)
Scrolls
 d - a scroll of blinking {unknown}
 j - a scroll of enchant armour {unknown}
 k - 2 scrolls of amnesia {unknown}
 l - 2 scrolls of recharging
 n - a scroll of magic mapping {unknown}
 q - a scroll of immolation {unknown}
 r - 4 scrolls of remove curse
 v - a scroll of noise {unknown}
 w - a scroll of enchant weapon {unknown}
 y - 5 scrolls of teleportation
 A - 2 scrolls of fear {unknown}
 C - a scroll of fog {unknown}
Potions
 m - 2 potions of flight
 u - 6 potions of curing
 D - 2 potions of mutation {unknown}
 E - a potion of agility {unknown}
 G - 2 potions of degeneration {unknown}
 O - a potion of ambrosia {unknown}
Books
 b - a book of Conjurations

   Spells                             Type                      Level
   a - Magic Dart                     Conjuration                  1
   b - Searing Ray                    Conjuration                  2
   c - Dazzling Spray                 Conjuration/Hexes            3
   d - Fulminant Prism                Conjuration/Hexes            4
   e - Force Lance                    Conjuration/Translocation    4
   f - Iskenderun's Mystic Blast      Conjuration                  4
 o - a book of Misfortune

   Spells                             Type                      Level
   a - Confusing Touch                Hexes                        1
   b - Confuse                        Hexes                        3
   c - Gell's Gravitas                Translocation                3
   d - Petrify                        Transmutation/Earth          4
   e - Metabolic Englaciation         Hexes/Ice                    5
   f - Yara's Violent Unravelling     Hexes/Transmutation          5
 z - a book of Maledictions

   Spells                             Type                      Level
   a - Corona                         Hexes                        1
   b - Ensorcelled Hibernation        Hexes/Ice                    2
   c - Confuse                        Hexes                        3
   d - Tukima's Dance                 Hexes                        3
   e - Dazzling Spray                 Conjuration/Hexes            3
 J - a book of Misfortune

   Spells                             Type                      Level
   a - Confusing Touch                Hexes                        1
   b - Confuse                        Hexes                        3
   c - Gell's Gravitas                Translocation                3
   d - Petrify                        Transmutation/Earth          4
   e - Metabolic Englaciation         Hexes/Ice                    5
   f - Yara's Violent Unravelling     Hexes/Transmutation          5
 M - a book of Air

   Spells                             Type                      Level
   a - Shock                          Conjuration/Air              1
   b - Swiftness                      Charms/Air                   2
   c - Static Discharge               Conjuration/Air              3
   d - Airstrike                      Air                          4
   e - Lightning Bolt                 Conjuration/Air              5
Comestibles
 c - 8 bread rations
 s - 7 chunks of flesh
 B - 3 fruits
 H - 5 meat rations
 K - a royal jelly


   Skills:
 + Level 3.3 Fighting
 * Level 8.2 Dodging
 - Level 2.4 Stealth
 + Level 8.9 Spellcasting
 * Level 10.5 Conjurations
 - Level 3.7 Hexes
 - Level 3.8 Translocations
 * Level 2.1 Air Magic
 + Level 3.3 Earth Magic


You had 5 spell levels left.
You knew the following spells:

 Your Spells              Type           Power        Failure   Level  Hunger
a - Magic Dart            Conj           ####         1%          1    None
b - Searing Ray           Conj           ######       1%          2    None
c - Iskenderun's Mystic   Conj           ######..     1%          4    ##.....
d - Fulminant Prism       Conj/Hex       #####.....   3%          4    ##.....
e - Force Lance           Conj/Tloc      #####...     3%          4    ##.....
f - Sandblast             Erth           ####..       1%          1    None
g - Lightning Bolt        Conj/Air       #####.....   12%         5    ####...


Dungeon Overview and Level Annotations

Branches:
Dungeon (8/15)             Temple (1/1) D:4            Lair (0/6) D:8

Altars:
Ashenzari
Cheibriados
Dithmenos
Elyvilon
Fedhas
Gozag
Hepliaklqana
Kikubaaqudgha
Makhleb
Nemelex Xobeh
Okawaru
Qazlal
Ru
Sif Muna
Trog
Uskayaw
Vehumet
Xom
Yredelemnul
Zin
The Shining One

Shops:
D:4 :   D:5 *


Message History

The lance of force hits the hell hound.
The hell hound is moderately wounded.
The hell hound is knocked back by the lance of force.
The hell hound slams into the rock wall!
Casting: Force Lance
Confirm with . or Enter, or press ? or * to list all spells.
You don't have enough magic to cast that spell.
Unknown command.
The hell hound misses you.
Casting: Force Lance
Confirm with . or Enter, or press ? or * to list all spells.
You don't have enough magic to cast that spell.
The hell hound bites you!
* * * LOW HITPOINT WARNING * * *
You hit the hell hound.
The hell hound is almost dead.
The hell hound misses you. The hell hound breathes flames at you.
The blast of flame hits you!
You die...

####.......######
#................
#.#..._..#####.#.
###########.#......####.# ##
...................>...# ##.#
#.....#####..##.#.#####.###.#####
#.........#...#.#.####.#.#.#.....
#.....................###.#...###
##..).###.#.#.#h@...##.#......(#
##.#.# #.##.####.#.# #.#..^.....
#.#.# #.........#.###.#......#.
#.#.# ########........#.#.(.##.
#.#.# #.#####..#.##..... ###.#.#
##.# #..#.######. ....#.#### #..#
#.#### ## #####....# #..# #######
####.# #..#######รท..######


You could see a hell hound.

Vanquished Creatures
  An ugly thing (D:6)
  A hippogriff (D:7)
  The ghost of Monsterracer the Poker, an amateur MfSk (D:3)
  3 orc warriors
  3 sky beasts
  2 ice beasts
  A hornet zombie (D:7)
  6 ogres
  A phantom (D:5)
  2 centaurs
  8 bullfrogs
  A wyvern zombie (D:6)
  A wyvern skeleton (D:6)
  A scorpion (D:6)
  4 wights (D:7)
  3 jellies
  3 howler monkeys (D:8)
  5 crimson imps
  A centaur zombie (D:6)
  2 bullfrog zombies
  3 hounds (D:6)
  3 orc priests
  6 orc wizards
  2 bullfrog skeletons (D:4)
  Natasha (thrice) (D:3)
  2 iguanas (D:6)
  4 worker ants
  2 gnolls (D:8)
  8 adders
  2 shadow imps (D:5)
  2 oozes
  3 adder skeletons
  4 worms
  3 dart slugs (D:1)
  9 leopard geckos
  18 orcs
  2 ball pythons
  11 giant cockroaches
  10 goblins
  5 hobgoblins
  9 jackals
  7 kobolds
  3 quokkas
  A ball python skeleton (D:4)
  8 bats
  5 frilled lizards
  A jackal skeleton (D:4)
  A jackal zombie (D:8)
  4 leopard gecko skeletons
  A quokka zombie (D:6)
  25 rats
217 creatures vanquished.

Vanquished Creatures (others)
  A centaur (D:6)
  An ogre (D:6)
  A worker ant (D:6)
  19 fulminant prisms
22 creatures vanquished.

Grand Total: 239 creatures vanquished

Notes
Turn   | Place    | Note
-------+----------+-------------------------------------------
     0 | D:1      | Megalobster the Deep Elf Conjurer began the quest for the Orb.
     0 | D:1      | Reached XP level 1. HP: 10/10 MP: 6/6
   256 | D:1      | Reached XP level 2. HP: 15/15 MP: 1/8
   260 | D:1      | Learned a level 2 spell: Searing Ray
   722 | D:1      | Reached skill level 5 in Conjurations
   805 | D:1      | Reached XP level 3. HP: 19/19 MP: 0/10
  1454 | D:2      | Reached XP level 4. HP: 24/24 MP: 9/12
  1460 | D:2      | Learned a level 4 spell: Iskenderun's Mystic Blast
  1465 | D:2      | Learned a level 4 spell: Force Lance
  2000 | D:3      | Noticed Natasha
  2007 | D:3      | Killed Natasha
  2011 | D:3      | Reached skill level 1 in Translocations
  2089 | D:3      | Noticed Natasha
  2097 | D:3      | Killed Natasha
  2214 | D:3      | Noticed Monsterracer's ghost (amateur MfSk)
  2418 | D:3      | Reached skill level 6 in Conjurations
  2424 | D:3      | Reached XP level 5. HP: 28/28 MP: 8/13
  2642 | D:3      | Killed Monsterracer's ghost
  2642 | D:3      | Reached skill level 5 in Spellcasting
  2642 | D:3      | Reached XP level 6. HP: 20/32 MP: 1/15
  2752 | D:3      | Noticed Natasha
  2755 | D:3      | Killed Natasha
  2944 | D:3      | Learned a level 4 spell: Fulminant Prism
  3278 | D:4      | Found an ancient bone altar of Kikubaaqudgha.
  3348 | D:4      | Found a staircase to the Ecumenical Temple.
  3583 | D:4      | Found a basalt altar of Yredelemnul.
  3596 | D:4      | Found Wipn's Book Boutique.
  3626 | D:4      | Found an opulent altar of Gozag.
  3828 | D:4      | Reached skill level 7 in Conjurations
  3828 | D:4      | Reached skill level 1 in Hexes
  4347 | D:5      | Entered Level 5 of the Dungeon
  4437 | D:5      | Noticed a sky beast
  4443 | D:5      | Killed a sky beast
  4443 | D:5      | Reached XP level 7. HP: 36/36 MP: 7/17
  5146 | D:5      | Reached skill level 8 in Conjurations
  5249 | Temple   | Entered the Ecumenical Temple
  5533 | Temple   | Became a worshipper of Vehumet
  5622 | D:5      | Found Sounkuth's Assorted Antiques.
  5805 | D:5      | Reached XP level 8. HP: 42/42 MP: 14/20
  6033 | D:6      | Found a shimmering altar of Xom.
  6036 | D:6      | Reached skill level 1 in Fighting
  6384 | D:6      | Noticed a green ugly thing
  6392 | D:6      | Killed a green ugly thing
  6392 | D:6      | Reached skill level 5 in Dodging
  6392 | D:6      | Reached skill level 9 in Conjurations
  6616 | D:7      | Reached * piety under Vehumet
  6616 | D:7      | Offered knowledge of Sandblast by Vehumet.
  6641 | D:6      | HP: 2/44 [hound (5)]
  6642 | D:6      | Reached XP level 9. HP: 2/48 MP: 4/22
  6993 | D:6      | Learned a level 1 spell: Sandblast
  7283 | D:6      | Found a bloodstained altar of Trog.
  7682 | D:6      | Reached skill level 1 in Earth Magic
  8251 | D:7      | Got an encrusted long sword
  8252 | D:7      | Identified the +2 long sword of Midsummer {slice, *Corrode rC+ Str+2} (You found it on level 7 of the Dungeon)
  8259 | D:7      | Reached ** piety under Vehumet
  8259 | D:7      | Reached skill level 10 in Conjurations
  8262 | D:7      | Offered knowledge of Throw Frost by Vehumet.
  8363 | D:7      | Found an opulent altar of Gozag.
  8458 | D:7      | Learned a level 5 spell: Lightning Bolt
  8680 | D:7      | Reached skill level 1 in Air Magic
  8890 | D:8      | Reached XP level 10. HP: 46/56 MP: 18/24
  9049 | D:8      | Found a shimmering altar of Xom.
  9159 | D:8      | Offered knowledge of Mephitic Cloud by Vehumet.
  9465 | D:8      | Found a staircase to the Lair.
  9504 | D:8      | HP: 2/56 [hell hound (10)]
  9505 | D:8      | Killed from afar by a hell hound

Skill      XL: |  1  2  3  4  5  6  7  8  9 10 |
---------------+-------------------------------+-----
Conjurations   | 5 6 7 8 9 10 | 10.5
Spellcasting   | 4 5 6 7 8 |  8.9
Translocations | 1 2 3 |  3.8
Hexes          | 2 3 |  3.7
Dodging        | 5 7 8 |  8.2
Fighting       | 2 3 |  3.3
Earth Magic    | 2 3 |  3.3
Air Magic      | 1 2 |  2.1
Stealth        | |  2.4

Action                   |  1- 3 |  4- 6 |  7- 9 | 10-12 || total
-------------------------+-------+-------+-------+-------++-------
Melee: Dagger            |       |       |     3 |       ||     3
       Long sword        |       |       |       |     1 ||     1
 Fire: Hunting sling     |       |    13 |     3 |       ||    16
Throw: Stone             |       |       |     1 |       ||     1
 Cast: Magic Dart        |    54 |    66 |   106 |    15 ||   241
       Searing Ray       |     4 |    16 |    34 |     3 ||    57
       Iskenderun's Myst |       |     3 |    15 |     4 ||    22
       Force Lance       |       |     2 |    16 |     6 ||    24
       Fulminant Prism   |       |     2 |    13 |     4 ||    19
       Sandblast         |       |       |    13 |     2 ||    15
       Lightning Bolt    |       |       |       |     1 ||     1
  Use: Scroll            |       |       |     5 |     1 ||     6
  Eat: Chunk             |     2 |     5 |     7 |     2 ||    16
       Bread ration      |       |     1 |       |       ||     1
       Royal jelly       |       |       |     2 |       ||     2
       Meat ration       |       |       |     1 |       ||     1
       Fruit             |       |       |     1 |       ||     1
Armor: Robe              |       |     5 |     7 |       ||    12
Dodge: Dodged            |     4 |    35 |    69 |    16 ||   124
       Rpst.: Long sword |       |       |     2 |     4 ||     6
